cohdb
Replays
Latest Replays
All Replays
Popular Replays
Top Player Replays
Match Explorer
How It Works
Community
CoH3 Stats
Reddit
Sign in to upload your games and track your stats! →
Sign in with Steam
Match 44320914
Unlisted
Match 44320914
Overview
Messages
Build Orders
End
Kettenkrad Recon Vehicle
Selects Breakthrough Battlegroup
Selects Assault Grenadiers
Construct Infanterie Kompanie
Grenadier Squad
Grenadier Squad
MG 42 Machine Gun Team
Grenadier Squad
GrW 34 Mortar Team
Construct Panzergrenadier Kompanie
Pak 40 Anti-tank Gun Team
Selects Rapid Production
Selects Breakthrough
Selects Mechanized Assault Group
Mechanized Assault Group
azurik84
Bootyquake
0
0
Comments
sign in to comment!
No comments posted yet!